 Dungeon Crawl Stone Soup version 0.31-a0-691-g409c26aa35 (webtiles) character file.

Game seed: 9814098701610505053

61268 jt the Metamorph (level 15, -1/83 HPs)
             Began as a Vine Stalker Shapeshifter on Sept 6, 2023.
             Was an Initiate of Gozag.
             Slain by a water elemental (10 damage)
             ... on level 13 of the Dungeon.
             The game lasted 00:57:31 (19357 turns).

jt the Metamorph (Vine Stalker Shapeshifter)       Turns: 19357, Time: 00:57:31

Health: -1/83      AC: 11    Str: 26    XL:     15   Next: 2%
Magic:  0/19       EV: 11    Int: 10    God:    Gozag
Gold:   3198       SH:  5    Dex: 14    Spells: 16/18 levels left

rFire   . .          .
                       - Unarmed
rCold   + + .        (shield currently unavailable)
rNeg    . . .        q - +0 swamp dragon scales
rPois   +            g - +2 helmet
rElec   +            E - +0 cloak
rCorr   +            i - melded +2 pair of gloves
SInv    .            o - +0 pair of boots
Will    ++...        F - amulet of reflection
Stlth   +            Z - ring "Poidduedeg" {Contam rElec rC+ rCorr Str+2}
HPRegen 1.13/turn    a - ring "Arygrut" {rC+ Will+}
MPRegen 0.16/turn

%: reflection, guardian spirit
@: blade hands, engulfed (cannot breathe), gold aura
A: fangs 3, regeneration 1, magic shield, antimagic bite, no potion heal 2
a: Begin Untransformation, Renounce Religion, Potion Petition, Call Merchant,
Bribe Branch


You were on level 13 of the Dungeon.
You worshipped Gozag.
Gozag was most pleased with you.
You had blades for hands.
You visited 4 branches of the dungeon, and saw 21 of its levels.

You collected 6057 gold pieces.
You spent 1050 gold pieces at shops.
You paid 1809 gold pieces to Gozag.

Inventory:

Hand Weapons
 k - a +0 sling of freezing
 B - the +12 arbalest of the Building Oracle {speed, rF- rN+ Str+5}
   (You found it on level 5 of the Dungeon)

   Str+5:     It affects your strength (+5).
   rF-:       It makes you vulnerable to fire.
   rN+:       It protects you from negative energy.
 C - a +2 war axe of electrocution
 O - the +16 obsidian axe {drain, demonic, Mesm Drain Fly SInv}
   (You found it on level 10 of the Dungeon)

   Mesm:      Its wielder is mesmerised by any visible foes, and it cannot be
   unequipped while any foes are visible.
   SInv:      It lets you see invisible.
   Fly:       It grants you flight.
   Drain:     It drains your maximum health when unequipped.
 T - a +2 trident of flaming
Missiles
 h - 56 poisoned darts (quivered)
 p - 2 throwing nets
 L - 7 curare-tipped darts
 V - 3 javelins
Armour
 g - a +2 helmet (worn)
 i - a +2 pair of gloves (melded)
 o - a +0 pair of boots (worn)
 q - +0 swamp dragon scales (worn)
 s - a +2 robe of willpower
 w - a +0 plate armour
 x - a +1 hat of see invisible
 A - a +0 buckler
 E - a +0 cloak (worn)
Jewellery
 a - the ring "Arygrut" (right blade hand) {rC+ Will+}
   (You found it on level 3 of the Dungeon)

   [ring of protection from cold]

   rC+:       It protects you from cold.
   Will+:     It increases your willpower.
 e - a +4 ring of protection
 f - a ring of ice
 m - a ring of ice
 F - an amulet of reflection (around neck)
 R - a ring of positive energy
 S - a ring of willpower
 Z - the ring "Poidduedeg" (left blade hand) {Contam rElec rC+ rCorr Str+2}
   (You bought it in a shop on level 9 of the Dungeon)

   [ring of protection from cold]

   Str+2:     It affects your strength (+2).
   rC+:       It protects you from cold.
   rElec:     It insulates you from electricity.
   Contam:    It causes magical contamination when unequipped.
   rCorr:     It protects you from acid and corrosion.
Talismans
 c - a beast talisman
 d - a flux talisman
 I - a blade talisman (active)
 U - a maw talisman
Wands
 D - a wand of digging (5)
 J - a wand of flame (11)
 X - a wand of roots (2)
Scrolls
 b - 4 scrolls of identify
 l - a scroll of revelation
 n - 3 scrolls of fog
 r - a scroll of poison
 v - a scroll of silence
 y - 2 scrolls of torment
 G - a scroll of amnesia
 H - 2 scrolls of immolation
 K - 2 scrolls of blinking
 N - 3 scrolls of enchant weapon
 P - 3 scrolls of vulnerability
Potions
 j - a potion of cancellation
 t - 2 potions of mutation
 z - 7 potions of curing
 M - a potion of resistance
 Q - a potion of magic
 W - 3 potions of brilliance


   Skills:
 + Level 11.3 Fighting
 - Level 2.0 Throwing
 - Level 4.2 Armour
 - Level 2.0 Dodging
 - Level 1.3 Stealth
 + Level 13.8 Unarmed Combat
 - Level 2.0 Spellcasting
 - Level 3.0 Evocations
 * Level 16.2 Shapeshifting


You had 16 spell levels left.
You knew the following spells:

 Your Spells              Type           Power      Damage    Failure   Level
a - Blink                 Tloc           2%         N/A       56%         2

Your spell library contained the following spells:

 Spells                   Type           Power      Damage    Failure   Level
 Ensorcelled Hibernation  Hex/Ice        2%         N/A       56%         2
 Lesser Beckoning         Tloc           2%         N/A       56%         2
 Momentum Strike          Conj/Tloc      2%         3d8       56%         2
 Passwall                 Tmut/Erth      0%         N/A       56%         2
 Static Discharge         Conj/Air       2%         2-3/arc   56%         2
 Wereblood                Tmut           1%         N/A       56%         2
 Dazzling Flash           Conj/Hex       2%         N/A       80%         3
 Swiftness                Air            1%         N/A       80%         3
 Volatile Blastmotes      Fire/Tloc      2%         2d10      80%         3
 Airstrike                Air            0%         2d(1-17)  99%         4
 Summon Ice Beast         Ice/Summ       1%         N/A       99%         4
 Summon Lightning Spire   Summ/Air       1%         N/A       99%         4
 Irradiate                Conj/Tmut      0%         3d11      100%        5
 Summon Forest            Summ/Tloc      0%         N/A       100%        5
 Summon Mana Viper        Hex/Summ       1%         N/A       100%        5
 Starburst                Conj/Fire      0%         6d3       100%        6
 Summon Cactus Giant      Summ           0%         N/A       100%        6
 Monstrous Menagerie      Summ           0%         N/A       100%        7
 Maxwell's Capacitive Co  Air            0%         ∞         100%        8


Dungeon Overview and Level Annotations

Branches:
Dungeon (13/15)            Temple (1/1) D:7            Lair (5/5) D:9
  Swamp (0/4) Lair:3        Snake (0/4) Lair:3        Slime (0/5) Lair:5
    Orc (2/2) D:10            Elf (0/3) Orc:2
 Vaults: D:13-14

Altars:
Ashenzari
Cheibriados
Dithmenos
Elyvilon
Fedhas
Gozag
Hepliaklqana
Kikubaaqudgha
Makhleb
Nemelex Xobeh
Okawaru
Qazlal
Ru
Sif Muna
Trog
Uskayaw
Vehumet
Wu Jian
Xom
Yredelemnul
Zin
The Shining One
Jiyva
Lugonu

Shops:
D:4 (   D:5 (   D:9 =   Orc:1 *   Orc:2 ??!   Lair:4 [

Portals:
Abyss: Lair:5

Annotations:
D:5 3 runed translucent doors, DocSulfur's ghost, novice VSBe; Edmund; Ge0ff's ghost, novice DgSh; Tenar's ghost, amateur DsRe; eelars's ghost, amateur TrFi
D:12 3 runed translucent doors, Naggiasi's ghost, journeyman KoBr
D:13 1 runed translucent door
Lair:5 2 transporters, exclusion: oklob plant, WhatIsLove's ghost, journeyman DrSh


Innate Abilities, Weirdness & Mutations

You have blades for hands.
You are incapable of wielding weapons or throwing items.
You have razor-sharp teeth.
Your natural rate of healing is unusually fast.
When hurt, damage is shared between your health and your magic reserves.
Your bite disrupts and absorbs the magic of your enemies.
Potions cannot restore your health.


Message History

Things that are here:
a +0 orcbow; a +0 robe The sixfirhy is distracted by your dazzling golden aura.
Press: ? - help, v - describe, . - travel, g - get item
Here: a sixfirhy (unaware, hasn't noticed you, fire blocked by a translucent stone wall) Item here: a scroll of noise.
The floor.
A two-headed ogre comes into view. It is wielding two +0 giant clubs.
The two-headed ogre shouts in stereo!
You hit the two-headed ogre but do no damage.
You slash the two-headed ogre!! You bite the two-headed ogre!
You drain its power.
You feel invigorated.
The two-headed ogre is heavily wounded.
The sixfirhy is no longer distracted by gold.
The two-headed ogre hits you with a +0 giant club!!
The two-headed ogre hits you with a +0 giant club!
You slash the two-headed ogre!
The two-headed ogre is severely wounded.
The two-headed ogre hits you with a +0 giant club.
The two-headed ogre hits you with a +0 giant club!
* * * LOW HITPOINT WARNING * * *
Press: ? - help, v - describe, . - travel
Here: a two-headed ogre, wielding two +0 giant clubs (severely wounded)
The floor.
Okay, then.
You shred the two-headed ogre!!!
You kill the two-headed ogre!
You now have 3198 gold pieces (gained 10).
Things that are here:
a +0 giant club; a +0 giant club The sixfirhy is distracted by your dazzling golden aura.
The water elemental hits you!
* * * LOW HITPOINT WARNING * * *
The water elemental engulfs you in water!
You barely miss the water elemental. Your bite misses the water elemental.
* * * LOW HITPOINT WARNING * * *
Your lungs strain for air!
The water elemental hits you!
You die...
Your body crumbles into a pile of gold.

≈≈≈~~~~
.#.~~~~~~
~~~~~≈~ ...
..... .......
)..♣≈~~~~
~≈~≈~~~
#.♣~~~≈≈≈
~≈P~~~~
######.~~~~≈≈≈
♣♣♣P~~~
#......~~P~~≈~
♣♣~~~
#.#+#..E~~~~~~
♣P~P #.#3#.@♣
♣~≈~ #.###..#
♣~~~ #.....)#
#♣~~ ###....#
#♣~~ ####.#
##~~~ #.#
#P~~~ #.#
#♣~~P #.#
#♣~~~ #.#
#~~~P


You could see a water elemental and a sixfirhy.

Vanquished Creatures
  Gastronok (Lair:2)
  Fannar (Orc:1)
  4 hydras
  A boulder beetle (Lair:2)
  Erica (D:8)
  A centaur warrior (D:13)
  4 two-headed ogres
  An orc high priest (Orc:2)
  9 death yaks
  2 thrashing horrors (Lair:5)
  2 skysharks (Lair:3)
  A lindwurm (Lair:3)
  Pikel (D:5)
  4 orc knights
  A deep elf pyromancer (D:13)
  2 orc sorcerers (Orc:2)
  2 large abominations (Lair:5)
  4 ugly things
  A manticore (D:11)
  A guardian serpent (shapeshifter) (Lair:5)
  4 elephants (Lair:1)
  A black mamba (Lair:2)
  A torpor snail (Lair:5)
  7 cane toads
  2 gargoyles (D:12)
  Maggie (D:6)
  2 smoke demons (Lair:5)
  An unseen horror (D:12)
  3 rime drakes
  2 kobold demonologists
  3 komodo dragons
  A troll (shapeshifter) (D:13)
  2 polar bears
  8 trolls
  A hellwing (Orc:2)
  A raiju (shapeshifter) (Lair:5)
  A hornet (Lair:4)
  A raiju (Lair:5)
  Grinder (D:5)
  A wind drake (shapeshifter) (D:12)
  23 blink frogs
  6 dream sheep (Lair:4)
  Sigmund (D:6)
  A water elemental (D:13)
  2 ynoxinuls
  A spriggan (Lair:5)
  33 yaks
  7 basilisks
  2 wraiths
  4 wyverns
  3 vampires
  2 steam dragons
  2 chaos spawn
  11 vampire mosquitoes
  Menkaure (D:6)
  12 water moccasins
  3 wargs
  4 acid dragons
  30 orc warriors
  11 ogres
  5 wolves (Lair:3)
  12 small abominations
  2 lemures (D:5)
  8 centaurs
  A phantom (D:4)
  6 kobold brigands
  15 bullfrogs
  3 gnoll sergeants
  3 necrophages (D:6)
  3 scorpions
  7 wights (D:6)
  8 killer bees
  2 electric eels (D:13)
  7 howler monkeys
  2 hounds
  3 jellies
  Crazy Yiuf (D:5)
  26 orc priests
  2 sleepcaps
  Ijyb (D:5)
  2 iguanas
  13 orc wizards
  A statue (D:8)
  2 killer bee zombies (D:6)
  7 gnolls
  A howler monkey zombie (D:6)
  7 adders
  A white imp (D:7)
  An ufetubus (D:7)
  3 worms
  3 dart slugs
  79 orcs
  7 ball pythons
  10 endoplasms
  4 giant cockroaches
  7 goblins
  7 hobgoblins
  6 jackals
  4 quokkas
  10 bats
  2 frilled lizards (D:2)
  24 kobolds
  10 rats
575 creatures vanquished.

Vanquished Creatures (others)
  An orc (D:6)
1 creature vanquished.

Grand Total: 576 creatures vanquished

Notes
Turn   | Place    | Note
-------+----------+-------------------------------------------
     0 | D:1      | jt the Vine Stalker Shapeshifter began the quest for the
                  | Orb.
     0 | D:1      | Reached XP level 1. HP: 9/9 MP: 2/2
    98 | D:1      | Reached skill level 1 in Fighting
   231 | D:1      | Reached XP level 2. HP: 10/14 MP: 1/3
   330 | D:1      | Reached skill level 1 in Stealth
   436 | D:1      | Reached XP level 3. HP: 18/18 MP: 2/4
  1267 | D:2      | Reached XP level 4. HP: 20/22 MP: 5/5
  2361 | D:3      | Identified the ring "Arygrut" {rC+ Will+}
  2474 | D:3      | Reached skill level 1 in Armour
  2498 | D:3      | Reached XP level 5. HP: 26/26 MP: 6/6
  2730 | D:3      | Found a snail-covered altar of Cheibriados.
  2796 | D:3      | Found a glowing golden altar of the Shining One.
  2798 | D:3      | Found a hazy altar of Hepliaklqana.
  2818 | D:3      | Found an ancient bone altar of Kikubaaqudgha.
  2818 | D:3      | Found an opulent altar of Gozag.
  2823 | D:3      | Became a worshipper of Gozag Ym Sagoz the Greedy
  2981 | D:4      | Reached skill level 4 in Shapeshifting
  2981 | D:4      | Reached XP level 6. HP: 23/32 MP: 4/7
  3160 | D:4      | Found Dokyfa's Weapon Shop.
  3247 | D:4      | Reached XP level 7. HP: 9/36 MP: 2/8
  3922 | D:5      | Entered Level 5 of the Dungeon
  4110 | D:5      | Reached skill level 1 in Spellcasting
  4127 | D:5      | Found Ixapam's Weapon Boutique.
  4144 | D:5      | Reached skill level 5 in Unarmed Combat
  4313 | D:5      | Gained mutation: You have razor-sharp teeth. [Vine Stalker
                  | growth]
  4313 | D:5      | Reached XP level 8. HP: 42/42 MP: 11/11
  4330 | D:5      | Noticed Ijyb
  4337 | D:5      | Killed Ijyb
  4338 | D:5      | Reached skill level 5 in Shapeshifting
  4500 | D:5      | Noticed Edmund
  4683 | D:5      | Noticed Pikel
  4734 | D:5      | Killed Pikel
  4799 | D:5      | Identified the +12 arbalest of the Building Oracle {speed,
                  | rF- rN+ Str+5}
  4800 | D:5      | Noticed Grinder
  4807 | D:5      | Killed Grinder
  4808 | D:5      | Reached XP level 9. HP: 46/46 MP: 13/13
  4834 | D:5      | Found a runed translucent door.
  4835 | D:5      | Noticed Crazy Yiuf
  4842 | D:5      | Killed Crazy Yiuf
  4843 | D:5      | Reached skill level 5 in Fighting
  5010 | D:5      | Found a runed translucent gate.
  5010 | D:5      | Found a runed translucent gate.
  5010 | D:5      | Noticed Ge0ff's ghost (novice DgSh)
  5011 | D:5      | Found a runed translucent gate.
  5011 | D:5      | Noticed eelars's ghost (amateur TrFi)
  5011 | D:5      | Noticed DocSulfur's ghost (novice VSBe)
  5011 | D:5      | Noticed Tenar's ghost (amateur DsRe)
  5284 | D:6      | Reached skill level 6 in Shapeshifting
  5506 | D:6      | Noticed Maggie
  5528 | D:6      | Killed Maggie
  5840 | D:6      | Noticed Menkaure
  5849 | D:6      | Killed Menkaure
  5858 | D:6      | Reached skill level 7 in Shapeshifting
  6030 | D:6      | Found a blossoming altar of Fedhas.
  6188 | D:6      | Found an ornate altar of the Wu Jian Council.
  6191 | D:6      | Noticed Sigmund
  6200 | D:6      | Killed Sigmund
  6201 | D:6      | Reached XP level 10. HP: 51/53 MP: 14/14
  6658 | D:7      | Reached skill level 8 in Shapeshifting
  7207 | D:8      | Noticed a two-headed ogre
  7276 | D:7      | Found a staircase to the Ecumenical Temple.
  7281 | Temple   | Entered the Ecumenical Temple
  7512 | D:8      | Reached skill level 1 in Evocations
  7583 | D:8      | Found a radiant altar of Vehumet.
  7656 | D:8      | Noticed Erica
  7677 | D:8      | Killed Erica
  7678 | D:8      | Reached skill level 9 in Shapeshifting
  8177 | D:9      | Reached XP level 11. HP: 53/58 MP: 12/15
  8277 | D:9      | Noticed a death yak
  8277 | D:9      | Noticed a death yak
  8298 | D:9      | Noticed a death yak
  8299 | D:9      | Killed a death yak
  8300 | D:9      | Killed a death yak
  8309 | D:9      | Killed a death yak
  8333 | D:9      | Found a staircase to the Lair.
  8390 | D:9      | Reached skill level 10 in Shapeshifting
  8476 | D:9      | Found a stormy altar of Qazlal.
  8657 | D:10     | Entered Level 10 of the Dungeon
  8695 | D:10     | Found the +16 obsidian axe {drain, demonic, Mesm Drain Fly
                  | SInv}
  8973 | D:10     | Found a staircase to the Orcish Mines.
  9292 | D:10     | Reached skill level 1 in Throwing
  9531 | Lair:1   | Entered Level 1 of the Lair of Beasts
  9625 | Lair:1   | You fall into a shaft and drop 1 floor!
  9625 | Lair:2   | Noticed Gastronok
  9637 | Lair:2   | Noticed a boulder beetle
 10002 | Lair:2   | Noticed a four-headed hydra
 10011 | Lair:2   | Killed a four-headed hydra
 10012 | Lair:2   | Reached skill level 10 in Unarmed Combat
 10223 | Lair:3   | Noticed a skyshark
 10230 | Lair:3   | Killed a skyshark
 10231 | Lair:3   | Reached skill level 11 in Shapeshifting
 10231 | Lair:3   | Reached XP level 12. HP: 61/65 MP: 14/16
 10241 | Lair:3   | Found a staircase to the Swamp.
 10332 | Lair:3   | Noticed a skyshark
 10339 | Lair:3   | Killed a skyshark
 10799 | Orc:1    | Entered Level 1 of the Orcish Mines
 11010 | D:10     | Reached skill level 12 in Shapeshifting
 11490 | D:11     | Noticed a two-headed ogre
 11499 | D:11     | Killed a two-headed ogre
 12008 | D:12     | Reached XP level 13. HP: 45/72 MP: 1/17
 12340 | D:12     | Identified the +8 rapier of Departure {heavy, Int+3}
 12456 | D:12     | Found a runed translucent gate.
 12456 | D:12     | Found a runed translucent gate.
 12456 | D:12     | Found a runed translucent gate.
 12482 | D:12     | Identified the +3 robe "Hero's Friend" {Harm Slay+2}
 12502 | D:12     | Noticed Naggiasi's ghost (journeyman KoBr)
 12513 | D:12     | Reached skill level 10 in Fighting
 12915 | D:13     | Reached skill level 13 in Shapeshifting
 13505 | Lair:2   | Killed Gastronok
 13642 | Lair:2   | Learned a level 2 spell: Blink
 13937 | Lair:3   | Found a staircase to the Snake Pit.
 14800 | Lair:4   | Reached skill level 14 in Shapeshifting
 15539 | Lair:5   | Entered Level 5 of the Lair of Beasts
 15724 | Lair:4   | Reached XP level 14. HP: 77/77 MP: 18/18
 15850 | Lair:5   | Found a transporter.
 15872 | Lair:5   | Found a transporter.
 15879 | Lair:5   | Noticed WhatIsLove's ghost (journeyman DrSh)
 15886 | Lair:5   | Found a staircase to the Slime Pits.
 15886 | Lair:5   | Found a viscous altar of Jiyva.
 16132 | Lair:5   | Identified the +3 chain mail of the Yeti {Harm Str+3 SInv}
 16524 | D:9      | Bought the ring "Poidduedeg" {Contam rElec rC+ rCorr Str+2}
                  | for 777 gold pieces
 16646 | Lair:5   | Reached skill level 15 in Shapeshifting
 17191 | Lair:5   | Found a corrupted altar of Lugonu.
 17191 | Lair:5   | Found a one-way gate to the infinite horrors of the Abyss.
 17592 | Orc:1    | Found Ocaup's General Store.
 17622 | Orc:1    | Bought a wand of digging (5) for 273 gold pieces
 17715 | Orc:2    | Entered Level 2 of the Orcish Mines
 17891 | Orc:2    | Found Ampuluta's Magic Scroll Shop.
 18165 | Orc:2    | Found a burning altar of Makhleb.
 18327 | Orc:2    | Found a staircase to the Elven Halls.
 18390 | Orc:1    | Noticed Fannar
 18400 | Orc:1    | Killed Fannar
 18843 | Orc:2    | Found Todyu's Distillery.
 18845 | Orc:2    | Found Ebluetos's Magic Scroll Boutique.
 18936 | Orc:2    | Reached skill level 16 in Shapeshifting
 19344 | D:13     | Found a runed translucent door.
 19348 | D:13     | Reached XP level 15. HP: 59/83 MP: 11/19
 19357 | D:13     | Slain by a water elemental

Illustrated notes

Levels and vault maps discovered:
D:1:      sevenhm_arrival_forest_fort_small_5, layout_basic
D:2:      minmay_inner_zag, layout_basic
D:3:      layout_basic, nicolae_overflow_hidden_temple,
          gammafunk_temple_overflow_statue,
          chequers_temple_overflow_statue_of_worship
D:4:      minmay_recursive_quarters, layout_basic, nicolae_stop_n_shop_1,
          chequers_garden, chequers_serial_rivers_room_a
D:5:      layout_loops_corners, gammafunk_ghost_cemetery, serial_shops,
          nicolae_shop_behind_doors, uniq_pikel, uniq_grinder, uniq_edmund,
          uniq_ijyb, uniq_crazy_yiuf_cottage
D:6:      layout_cave_pods, nzn_wu_jian_contemplation,
          fedhas_altar_decomposition, uniq_maggie, uniq_menkaure, uniq_sigmund
D:7:      kennysheep_windowed_halls, layout_rooms,
          minmay_temple_entry_from_below_a, dk_noncrumbling_3
D:8:      layout_loops_ring, vehumet_statue, uniq_erica
D:9:      layout_long_grid, amcnicky_altar_gilded, dpeg_lair_monsters
D:10:     layout_small_grid, kennysheep_orc_monster_closet_entryway,
          dreamdust_deal_with_the_devil, nicolae_benzene_ring
D:11:     layout_small_grid
D:12:     layout_cave_pools, gammafunk_ghost_spectres
D:13:     cheibrodos_shockbox, layout_basic, serial_bayou, serial_bayou_pond_b,
          serial_bayou_shore_b, serial_bayou_lagoon_b, serial_bayou_pond_e
Temple:   hellmonk_temple_forest_ring
Lair:1:   layout_misc_corridors, infiniplex_staircase_pool_2
Lair:2:   layout_chaotic_city, grunt_megastairs_2, infiniplex_staircase_pool,
          uniq_gastronok
Lair:3:   layout_cave_shapes, minmay_swamp_entry_swarm, dummy_snake_entry,
          grunt_megastairs_3
Lair:4:   layout_misc_corridors
Lair:5:   hellmonk_lair_end_abyssal_woods, layout_cave_pods, slime_entry_1,
          nzn_ghost_randoct, chequers_serial_rivers_room_a
Orc:1:    layout_caves, basic_altar, serial_shops, shop, uniq_fannar
Orc:2:    pf_orc_diabolical, layout_caves, basic_altar, serial_shops, shop

Skill      XL: |  1  2  3  4  5  6  7  8  9 10 11 12 13 14 |
---------------+-------------------------------------------+-----
Fighting       | 1 2 3 4 6 7 8 9 10 11 | 11.3
Stealth        | 1 |  1.3
Dodging        | 2 |  2.0
Armour         | 1 2 3 4 |  4.2
Unarmed Combat | 4 5 6 7 8 10 11 12 13 | 13.8
Shapeshifting  | 4 5 7 9 11 12 14 16 | 16.2
Spellcasting   | 1 2 |  2.0
Evocations     | 2 3 |  3.0
Throwing       | 2 |  2.0

Action                     |  1- 3 |  4- 6 |  7- 9 | 10-12 | 13-15 || total
---------------------------+-------+-------+-------+-------+-------++-------
  Melee: Unarmed           |    81 |   136 |   214 |   626 |   621 ||  1678
         Bite              |    17 |    34 |    66 |   248 |   184 ||   549
         Punch             |     2 |     3 |     8 |    19 |    45 ||    77
         Trident           |       |       |     2 |       |       ||     2
         Maw               |       |       |       |    27 |       ||    27
  Throw: Dart              |       |       |    39 |       |       ||    39
 Invoke: Call Merchant     |       |       |       |     1 |     1 ||     2
         Potion Petition   |       |       |       |     1 |       ||     1
  Evoke: Wand              |       |       |    12 |     9 |     2 ||    23
    Use: Scroll            |       |     4 |     9 |    14 |     6 ||    33
         Potion            |       |       |     7 |       |       ||     7
   Stab: Sleeping          |     6 |       |       |       |     1 ||     7
         Paralysed         |       |       |     8 |     3 |       ||    11
         Distracted        |       |       |     2 |     3 |     4 ||     9
 Armour: Animal skin       |    10 |       |       |       |       ||    10
         Leather armour    |    11 |       |       |       |       ||    11
         Scale mail        |     7 |    39 |       |       |       ||    46
         Plate armour      |       |    64 |    90 |       |       ||   154
         Skin              |       |       |    19 |    27 |       ||    46
         Swamp dragon scal |       |       |    22 |   422 |   351 ||   795
  Dodge: Dodged            |    40 |    48 |    55 |   298 |   205 ||   646
  Block: Other             |       |       |    20 |   121 |    92 ||   233
         Reflection        |       |       |       |     6 |     2 ||     8
   Form: Flux              |       |       |       |     1 |       ||     1
         Blade             |       |       |       |     2 |       ||     2
         Maw               |       |       |       |     1 |       ||     1

Table legend: (Time is in decaauts)
 A = Elapsed time spent in this place.
 B = Non-inter-level travel time spent in this place.
 C = Inter-level travel time spent in this place.
 D = Time resting spent in this place.
 E = Time spent auto-exploring this place.
 F = Levels seen in this place.
 G = Mean time per level.
                   A        B        C        D        E       F      G
               +--------+--------+--------+--------+--------+-----+--------+
         Total |  19161 |  17769 |   1392 |   1501 |   9195 |  21 |  912.4 |
       Dungeon |  12115 |  11162 |    953 |    916 |   6195 |  13 |  931.9 |
        Temple |      3 |      3 |      0 |      0 |      0 |   1 |    3.0 |
          Lair |   5410 |   5077 |    333 |    412 |   2567 |   5 | 1082.0 |
  Orcish Mines |   1632 |   1526 |    106 |    172 |    432 |   2 |  816.0 |
               +--------+--------+--------+--------+--------+-----+--------+

Top non-repeatable levels by time:
  Lair:5: 1488 daAuts
     D:2: 1376 daAuts
     D:5: 1323 daAuts
    D:10: 1304 daAuts
     D:6: 1221 daAuts
    D:11: 1195 daAuts
  Lair:3: 1184 daAuts
   Orc:2: 1168 daAuts
     D:4: 991 daAuts
  Lair:4: 986 daAuts
     D:1: 974 daAuts
  Lair:2: 962 daAuts
     D:8: 909 daAuts
     D:9: 869 daAuts
  Lair:1: 788 daAuts
